AoeStats
← FastPluto2877

Arena

514940887Analyzed
1v1 RM · 13d ago on Oct 20, 2026· 37m 40s· 2 players
Game mode
Random Map
Map size
Tiny (2 player)
Population
200
Speed
Normal
Resources
Standard
Victory
Conquest
Starting age
Dark Age
Ending age
Imperial Age
RankedLock teamsTeams togetherTeam positionsShared explorationLock speedFull tech treeHidden civsTurbo modeCheats
Victory
Defeat
🇧🇷 Khmer · Brazil
554
+15
vs
🇧🇴 Hindustanis · Bolivia
540
-15
dalearai
9:42 Loom
11:27 Feudal Age
17:19 Castle Age
15:49 Double-Bit Axe
15:48 Horse Collar
18:49 Bow Saw
18:45 Heavy Plow
25:33 Wheelbarrow
25:19 Forging
26:21 Scale Barding Armor
26:12 Gold Mining
27:47 Hand Cart
28:24 Iron Casting
28:12 Chain Barding Armor
29:29 Hand Cart
29:21 Fletching
30:51 Bodkin Arrow
30:45 Town Watch
33:33 Padded Archer Armor
33:44 Elite Skirmisher
34:32 Thumb Ring
35:12 Bloodlines
35:04 Husbandry
35:28 Leather Archer Armor
35:41 Scale Mail Armor
FastPluto2877
10:42 Loom
13:44 Feudal Age
17:19 Castle Age
16:54 Man-at-Arms
18:32 Wheelbarrow
18:01 Double-Bit Axe
17:41 Pikeman
19:27 Horse Collar
26:40 Hand Cart
30:47 Imperial Age
31:54 Double Crossbow
31:36 Heavy Scorpion
32:23 Halberdier
33:52 Conscription
37:39 Chemistry
Connection lost

Rejoining the realm…

Still unreachable

The connection could not be restored.

Session expired

The server has moved on; the page needs a fresh start.